Unix NetHack Version 5.0.0-0 post-release - last build Jul 14 2026 02:55:29 (1809b74e8187c3a3585e283601c3028b46cbbdcb,branch:main).

Game began 2026-07-14 17:29:55, ended 2026-07-14 17:51:18.

Brudee, chaotic female human Rogue

                                               ----------
                                               |........|
                                               |........|
                                               |...^....|
                                              #...%.....|
                                      #       #--.-------#####0
                                     ##############   ####   -.----
                                     %-----  %#   ##         |....-#
                                     k%).%|  #     #         |^>..|#
                                     @|)..- ##     #        #-....|#
                                     #|...-       -|---     #|....|#    -----
                                        ...       |...|    ##------##   |...|
                                        .....     |....#####        ####|...|
                                         ....|    |..:|                #-...|
                                         -----    |...|                 |..<|
                                                  -----                 -----

Brudee the Rogue        St:13 Dx:18 Co:18 In:11 Wi:7 Ch:8  Chaotic S:4493
Dlvl:4  $:3  HP:0(53) Pw:20(20) AC:6  Xp:6/620 T:2058 

Latest messages:
 You throw 2 daggers.
 The 1st dagger hits the dwarf zombie!
 You destroy the dwarf zombie!
 b - 2 +0 daggers (at the ready) (7 in total).
 b - a +0 dagger (at the ready) (8 in total).
 In what direction? b
 You throw 2 daggers.
 The 1st dagger hits the orc zombie!
 The 2nd dagger hits the orc zombie.
 The orc zombie hits!
 b - 4 +0 daggers (at the ready) (10 in total).
 You hit the orc zombie!
 You hit the orc zombie!
 The orc zombie hits!
 You destroy the orc zombie!
 You hit the dwarf zombie.
 The dwarf zombie hits!
 You destroy the dwarf zombie!
 b - 2 +0 daggers (at the ready) (12 in total).
 You hit the gnome zombie!
 You destroy the gnome zombie!
 In what direction? n
 The dagger hits the dwarf zombie.
 You hit the dwarf zombie!
 You destroy the dwarf zombie!
 b - a +0 dagger (at the ready) (12 in total).
 In what direction? n
 You throw 3 daggers.
 The 1st dagger hits the orc zombie.
 The 2nd dagger hits the orc zombie.
 You feel more confident in your weapon skills.
 The 3rd dagger hits the orc zombie!
 The orc zombie hits!
 In what direction? l
 The dagger hits the orc zombie.
 You destroy the orc zombie!
 In what direction? l
 The dagger hits the human zombie.
 You hit the human zombie!
 You hit the human zombie!
 The human zombie hits!
 You destroy the human zombie!
 In what direction? k
 You throw 2 daggers.
 The 1st dagger hits the kobold lord.
 The 2nd dagger hits the kobold lord.
 The kobold lord hits!
 You die...
 Do you want your possessions identified? [ynq] (y) y
 Do you want to see your attributes? [ynq] (y) q

Inventory:
 Coins    ('$')
  $ - 3 gold pieces
 Weapons  (')')
  A - 6 rusty +0 arrows
  b - 5 +0 daggers (at the ready)
  f - a rustproof +0 spear
  C - a +0 axe
  a - a blessed +0 short sword (weapon in right hand)
 Armor    ('[')
  G - an uncursed +0 orcish helm (being worn)
  c - an uncursed +1 leather armor (being worn)
 Comestibles  ('%')
  l - an uncursed food ration
  s - an uncursed sprig of wolfsbane
  o - 2 uncursed tripe rations
 Scrolls  ('?')
  q - a cursed scroll of enchant armor
  M - an uncursed scroll of identify
  t - a cursed scroll of remove curse
 Potions  ('!')
  j - an uncursed potion of healing
  n - an uncursed potion of speed
 Rings    ('=')
  k - an uncursed ring of stealth
 Wands    ('/')
  D - a wand of digging (0:3)
  r - a wand of light (0:10)
  F - a wand of magic missile (0:8)
  p - a wand of teleportation (0:6)
 Tools    ('(')
  i - an uncursed sack containing 2 items
  e - an uncursed lock pick
  m - an uncursed skeleton key
 Gems/Stones  ('*')
  H - an uncursed worthless piece of blue glass

Contents of the sack:
  1680 gold pieces
  a potion of holy water

Brudee the Rogue's attributes:

Background:
 You were a Rogue, level 6 female human.
 You were chaotic, on a mission for Kos
 who was opposed by Issek (lawful) and Mog (neutral).
 You were right-handed.
 You were in the Dungeons of Doom, on level 4.
 You entered the dungeon 2058 turns ago.
 There was a new moon in effect when your adventure ended.
 You had 620 experience points, 20 more were needed to attain level 7.
 Your score was 4493 before end-of-game adjustments.

Basics:
 You had 0 out of 53 hit points.
 You had all 20 energy points (spell power).
 Your armor class was 6.
 Your wallet contained 3 zorkmids, and
 you had 1680 more stashed away in your pack.
 Autopickup was on for '$!=+?/"' plus thrown.

Final Characteristics:
 Your strength was 13 (limit:18/100).
 Your dexterity was 18 (limit:18).
 Your constitution was 18 (limit:18).
 Your intelligence was 11 (limit:18).
 Your wisdom was 7 (limit:18).
 Your charisma was 8 (limit:18).

Final Status:
 You weren't hungry.
 You were unencumbered.
 You were wielding a short sword.
 You had basic skill with short sword.

Final Attributes:
 You were devoutly aligned.
 You were telepathic.
 You were stealthy.
 You were warded.
 You were lucky.
 You are dead.

Miscellaneous:
 You didn't encounter any bones levels.
 Total elapsed playing time was 21 minutes and 22 seconds.

Major events:
 Turn
    1: Brudee the chaotic female human Rogue entered the dungeon
  278: entered the Gnomish Mines
 1060: attained the rank of Cutpurse (level 3)
 1543: attained the rank of Rogue (level 6)
 2058: killed by a kobold lord

You didn't know any spells.

Skills:
 Fighting Skills
   bare handed combat [Unskilled]
   two weapon combat  [Unskilled]
   riding             [Unskilled]
 Weapon Skills
   dagger             [Skilled]
   knife              [Unskilled]
   short sword        [Basic]
   broadsword         [Unskilled]
   long sword         [Unskilled]
   two-handed sword   [Unskilled]
   saber              [Unskilled]
   club               [Unskilled]
   mace               [Unskilled]
   morning star       [Unskilled]
   flail              [Unskilled]
   hammer             [Unskilled]
   polearms           [Unskilled]
   spear              [Unskilled]
   crossbow           [Unskilled]
   dart               [Unskilled]
   shuriken           [Unskilled]
 Spellcasting Skills
   divination spells  [Unskilled]
   escape spells      [Unskilled]
   matter spells      [Unskilled]

Voluntary challenges:
 Character rerolling was not enabled.
 You never genocided any monsters.
 You never polymorphed an object.
 You never changed form.
 You used no wishes.
Achievements:
 You entered the Gnomish Mines.
 You attained the rank of Cutpurse.
 You attained the rank of Rogue.

 The Dungeons of Doom: levels 1 to 7
    Level 1:
       Some altars.
    Level 2:
       A fountain.
    Level 3:
       Some fountains.
       Stairs down to The Gnomish Mines.
    Level 4: <- You were here.
       Final resting place for
          you, killed by a kobold lord.
    Level 5:
    Level 6:
       Some altars to Kos, some fountains.
    Level 7:
 The Gnomish Mines:
    Level 4:


Vanquished creatures:
 10 leprechauns
  a human zombie
  a gray ooze
  2 elf zombies
  a floating eye
  a kobold shaman
  5 hill orcs
  a rothe
  4 orc zombies
  5 dwarf zombies
 an iguana
 an acid blob
  a giant rat
  a cave spider
  3 yellow molds
  2 red molds
  a garter snake
  3 gnome zombies
  a gecko
  2 jackals
  a kobold
  2 sewer rats
  a grid bug
  a lichen
  3 kobold zombies
  4 newts
59 creatures vanquished.

No species were genocided or became extinct.

Game over:
                       ----------
                      /          \
                     /    REST    \
                    /      IN      \
                   /     PEACE      \
                  /                  \
                  |      Brudee      |
                  |     1683 Au      |
                  |   killed by a    |
                  |   kobold lord    |
                  |                  |
                  |                  |
                  |       2026       |
                 *|     *  *  *      | *
        _________)/\\_//(\/(/\)/\//\/|_)_______

Goodbye Brudee the Rogue...

You died in The Dungeons of Doom on dungeon level 4 with 4325 points,
and 1683 pieces of gold, after 2058 moves.
You were level 6 with a maximum of 53 hit points when you died.

